 Dungeon Crawl Stone Soup version 0.25-a0-366-g516bc45ae0 (webtiles) character file.

Game seed: 11012969686227162540, levelgen mode: deterministic

287 Caramio the Chopper (level 6, -4/49 HPs)
             Began as a Deep Dwarf Fighter on Jan 6, 2020.
             Was a Follower of Hepliaklqana.
             Slain by Pikel
             ... wielding a +2 whip of electrocution
              (7 damage)
             ... on level 4 of the Dungeon.
             The game lasted 00:02:08 (2621 turns).

Caramio the Chopper (Deep Dwarf Fighter)            Turns: 2621, Time: 00:02:09

Health: -4/49      AC:  6    Str: 21    XL:     6   Next: 8%
Magic:  8/8        EV:  7    Int:  9    God:    Hepliaklqana [*.....]
Gold:   120        SH:  9    Dex: 12    Spells: 5/5 levels left

rFire    + . .     SeeInvis .   Y - +0 war axe
rCold    . . .     Gourm    .   c - +0 shield
rNeg     . . .     Faith    .   k - +0 scale mail {rPois}
rPois    +         Spirit   .   (no helmet)
rElec    .         Reflect  .   (no cloak)
rCorr    .         Harm     .   (no gloves)
MR       .....                  (no boots)
Stlth    ..........             (no amulet)
HPRegen  0.00/turn              m - ring of protection from fire
MPRegen  0.11/turn              (no ring)

@: about to teleport, non-regenerating
A: damage resistance, heal wounds, reduced essence, sense surroundings 1, no
regeneration
a: Heal Wounds, Recall Ancestor, Ancestor Identity, Renounce Religion


You were on level 4 of the Dungeon.
You worshipped Hepliaklqana.
Hepliaklqana was aware of your devotion.
You were not hungry.

You visited 1 branch of the dungeon, and saw 4 of its levels.

You collected 120 gold pieces.


Innate Abilities, Weirdness & Mutations

You are resistant to damage.
You can heal yourself by infusing magical energy.
You passively map a small area around you.
You do not regenerate.
Your life essence is reduced to manifest your ancestor. (-10% HP)


   Skills:
 - Level 2.6 Fighting
 + Level 6.3 Axes
 - Level 3.2 Armour
 - Level 1.0 Dodging
 - Level 3.2 Shields
 + Level 3.1 Invocations


You had 5 spell levels left.
You didn't know any spells.
Your spell library was empty.

Inventory:

Hand Weapons
 h - a +0 club
 Y - a +0 war axe (weapon)
Armour
 c - a +0 shield (worn)
 k - a +0 scale mail of poison resistance (worn)
Jewellery
 m - a ring of protection from fire (left hand)
Wands
 l - a wand of flame (17)
Scrolls
 a - 4 scrolls of teleportation
 j - 4 scrolls of remove curse
 n - a scroll of identify
Potions
 b - a potion of brilliance {unknown}
 d - a potion of might
 e - 2 potions of curing
 i - a potion of cancellation {unknown}
 q - a potion of lignification {unknown}
 r - a potion of haste {unknown}
Comestibles
 f - 7 rations

Dungeon Overview and Level Annotations

Branches:
Dungeon (4/15)
 Temple: D:4-7

Altars:
Hepliaklqana
Trog
Wu Jian

Annotations:
D:4 Pikel


Message History

The howler monkey howls!
The slave hits you.
Pikel hits you with a +2 whip of electrocution.
You are electrocuted!
You block the slave's attack. The slave hits you.
There is a stone staircase leading up, spattered with blood here.
2620 ||| INVOKING Heal Wounds.
You fail to use your ability.
The slave barely misses you. The slave hits you but does no damage.
Pikel hits you with a +2 whip of electrocution.
You are electrocuted!
Elliptic closely misses the slave.
The slave barely misses you.
The howler monkey hoots and howls with incredible vigour!
A jackal comes into view.
You hear an angry hiss.
You hear a bark! x2; You hear a shout! x2
You hear an angry hiss.
2621 ||| READING 5 scrolls of teleportation.
As you read the scroll of teleportation, it crumbles to dust.
You feel strangely unstable. The slave hits you but does no damage.
The slave hits you.
Pikel hits you with a +2 whip of electrocution!
You die...

, * ,
#..............
, ,
..............#*
,
...?..........#
,
..!=..)..h..%..
,......Z...(....
*
.......hs......
......ppK....# ,
,.......@R# *
........p# , ,,
,........##
....##..# , ...
#..# * * * ** ..
,..?. ** ,, #
,.?h. , *
.....,, ,


You could see the friendly elliptic the ancestor, Pikel, 3 slaves, a howler
monkey, a hound, a jackal, a giant cockroach and a jackal skeleton.

Vanquished Creatures
  A slave (D:3)
  A centaur (D:3)
  A centaur skeleton (D:2)
  11 adders
  An ooze (D:3)
  2 dart slugs
  4 leopard geckos
  2 giant cockroaches
  7 goblins
  6 hobgoblins
  6 jackals
  2 quokkas (D:2)
  10 bats
  A frilled lizard (D:2)
  8 kobolds
  5 rats
68 creatures vanquished.

Vanquished Creatures (collateral kills)
  2 ball pythons (D:3)
  A goblin (D:3)
  A hobgoblin (D:3)
  A bat (D:3)
5 creatures vanquished.

Vanquished Creatures (others)
  An ancestor (D:3)
  A bat (D:3)
  11 toadstools (D:4)
13 creatures vanquished.

Grand Total: 86 creatures vanquished

Notes
Turn   | Place    | Note
-------+----------+-------------------------------------------
     0 | D:1      | Caramio the Deep Dwarf Fighter began the quest for the Orb.
     0 | D:1      | Reached XP level 1. HP: 20/20 MP: 1/1
     0 | D:1      | 0 ||| counter = 8
    63 | D:1      | 63 ||| Stepping ~*~*~tactically~*~*~ (stealth).
   191 | D:1      | 191 ||| Stepping ~*~*~tactically~*~*~ (hiding).
   195 | D:1      | Reached skill level 3 in Axes
   196 | D:1      | Reached XP level 2. HP: 24/27 MP: 2/2
   197 | D:1      | 197 ||| Waiting for ranged monster.
   198 | D:1      | 198 ||| Waiting for ranged monster.
   199 | D:1      | 199 ||| Waiting for ranged monster.
   200 | D:1      | 200 ||| Waiting for ranged monster.
   409 | D:1      | Reached skill level 1 in Dodging
   601 | D:1      | 601 ||| Stepping ~*~*~tactically~*~*~ (hiding).
   602 | D:1      | 602 ||| Waiting for ranged monster.
   603 | D:1      | 603 ||| Waiting for ranged monster.
   604 | D:1      | 604 ||| Waiting for ranged monster.
   605 | D:1      | 605 ||| Waiting for ranged monster.
   609 | D:1      | 609 ||| Waiting for ranged monster.
   610 | D:1      | 610 ||| Waiting for ranged monster.
   865 | D:1      | 865 ||| READING 5 scrolls labeled ANIOSS ZEROIBI.
   870 | D:1      | 870 ||| READING 2 scrolls labeled GIODUO WOSI.
   960 | D:2      | Reached XP level 3. HP: 28/33 MP: 3/3
   971 | D:2      | Reached skill level 4 in Axes
  1007 | D:2      | 1007 ||| Stepping ~*~*~tactically~*~*~ (hiding).
  1008 | D:2      | 1008 ||| Waiting for ranged monster.
  1009 | D:2      | 1009 ||| Waiting for ranged monster.
  1010 | D:2      | 1010 ||| Waiting for ranged monster.
  1031 | D:2      | 1031 ||| UPGRADING to glowing scale mail.
  1041 | D:2      | 1041 ||| DROPPING +0 scale mail.
  1105 | D:2      | 1105 ||| Stepping ~*~*~tactically~*~*~ (hiding).
  1111 | D:2      | 1111 ||| Waiting for ranged monster.
  1112 | D:2      | 1112 ||| Waiting for ranged monster.
  1113 | D:2      | 1113 ||| Waiting for ranged monster.
  1114 | D:2      | 1114 ||| Waiting for ranged monster.
  1173 | D:2      | Reached XP level 4. HP: 33/40 MP: 4/4
  1192 | D:2      | Reached skill level 5 in Axes
  1527 | D:2      | Reached XP level 5. HP: 30/46 MP: 5/5
  1599 | D:2      | Found a hazy altar of Hepliaklqana.
  1604 | D:2      | Became a worshipper of Hepliaklqana the Forgotten
  1605 | D:2      | 1605 ||| INVOKING Ancestor Identity.
  1605 | D:2      | 1605 ||| INVOKING Recall Ancestor.
  1751 | D:2      | 1751 ||| READING scroll labeled TAF JADIMPANWU.
  1752 | D:2      | 1752 ||| DRINKING 3 orange potions.
  1849 | D:3      | Reached skill level 1 in Invocations
  1926 | D:3      | 1926 ||| Stepping ~*~*~tactically~*~*~ (stealth).
  1942 | D:3      | Found an ornate altar of the Wu Jian Council.
  1990 | D:3      | 1990 ||| Stepping ~*~*~tactically~*~*~ (stealth).
  1992 | D:3      | 1992 ||| Stepping ~*~*~tactically~*~*~ (stealth).
  2002 | D:3      | 2002 ||| INVOKING Recall Ancestor.
  2003 | D:3      | 2003 ||| INVOKING Recall Ancestor.
  2004 | D:3      | 2004 ||| INVOKING Recall Ancestor.
  2005 | D:3      | 2005 ||| INVOKING Recall Ancestor.
  2006 | D:3      | 2006 ||| INVOKING Recall Ancestor.
  2007 | D:3      | 2007 ||| INVOKING Recall Ancestor.
  2008 | D:3      | 2008 ||| INVOKING Recall Ancestor.
  2009 | D:3      | 2009 ||| INVOKING Recall Ancestor.
  2010 | D:3      | 2010 ||| INVOKING Recall Ancestor.
  2011 | D:3      | 2011 ||| INVOKING Recall Ancestor.
  2013 | D:3      | 2013 ||| INVOKING Recall Ancestor.
  2014 | D:3      | 2014 ||| INVOKING Recall Ancestor.
  2016 | D:3      | 2016 ||| INVOKING Recall Ancestor.
  2017 | D:3      | 2017 ||| INVOKING Recall Ancestor.
  2019 | D:3      | 2019 ||| INVOKING Recall Ancestor.
  2021 | D:3      | 2021 ||| INVOKING Recall Ancestor.
  2022 | D:3      | 2022 ||| INVOKING Recall Ancestor.
  2023 | D:3      | 2023 ||| INVOKING Recall Ancestor.
  2024 | D:3      | 2024 ||| INVOKING Recall Ancestor.
  2025 | D:3      | 2025 ||| INVOKING Recall Ancestor.
  2026 | D:3      | 2026 ||| INVOKING Recall Ancestor.
  2027 | D:3      | 2027 ||| INVOKING Recall Ancestor.
  2028 | D:3      | 2028 ||| INVOKING Recall Ancestor.
  2029 | D:3      | 2029 ||| INVOKING Recall Ancestor.
  2030 | D:3      | 2030 ||| INVOKING Recall Ancestor.
  2031 | D:3      | 2031 ||| INVOKING Recall Ancestor.
  2033 | D:3      | 2033 ||| INVOKING Recall Ancestor.
  2172 | D:3      | Noticed a centaur
  2173 | D:3      | 2173 ||| Stepping ~*~*~tactically~*~*~ (hiding).
  2174 | D:3      | 2174 ||| Stepping ~*~*~tactically~*~*~ (hiding).
  2175 | D:3      | 2175 ||| Stepping ~*~*~tactically~*~*~ (hiding).
  2176 | D:3      | 2176 ||| Stepping ~*~*~tactically~*~*~ (hiding).
  2177 | D:3      | 2177 ||| Stepping ~*~*~tactically~*~*~ (hiding).
  2178 | D:3      | 2178 ||| Stepping ~*~*~tactically~*~*~ (hiding).
  2179 | D:3      | 2179 ||| Stepping ~*~*~tactically~*~*~ (hiding).
  2180 | D:3      | 2180 ||| Stepping ~*~*~tactically~*~*~ (hiding).
  2181 | D:3      | 2181 ||| Waiting for ranged monster.
  2182 | D:3      | 2182 ||| Waiting for ranged monster.
  2183 | D:3      | 2183 ||| Waiting for ranged monster.
  2184 | D:3      | 2184 ||| Waiting for ranged monster.
  2189 | D:3      | 2189 ||| INVOKING Heal Wounds.
  2196 | D:3      | 2196 ||| INVOKING Heal Wounds.
  2197 | D:3      | Killed a centaur
  2197 | D:3      | Reached skill level 6 in Axes
  2197 | D:3      | Reached XP level 6. HP: 42/49 MP: 6/8
  2257 | D:3      | Reached skill level 3 in Invocations
  2314 | D:3      | 2314 ||| UPGRADING to tourmaline ring.
  2352 | D:3      | Found a bloodstained altar of Trog.
  2576 | D:3      | 2576 ||| READING 2 scrolls labeled TAOFIGH TUZESU.
  2577 | D:3      | 2577 ||| READING scroll labeled LIAREA KEFAD.
  2578 | D:3      | 2578 ||| READING scroll labeled NAODEV MIHYPHO.
  2604 | D:4      | Reached * piety under Hepliaklqana
  2604 | D:4      | Noticed Pikel
  2604 | D:4      | Noticed a slave
  2604 | D:4      | Noticed a slave
  2604 | D:4      | Noticed a slave
  2604 | D:4      | Noticed a slave
  2605 | D:4      | 2605 ||| STAIRDANCE
  2617 | D:3      | Killed a slave
  2620 | D:4      | 2620 ||| INVOKING Heal Wounds.
  2620 | D:4      | HP: 4/49 [Pikel/+2 whip of electrocution (9)]
  2621 | D:4      | 2621 ||| READING 5 scrolls of teleportation.
  2621 | D:4      | Slain by Pikel

Levels and vault maps discovered:
D:1:      dpeg_arrival_renting, layout_basic
D:2:      layout_loops_ring, marbit_many_paths, minmay_hexomino_p4
D:3:      layout_loops_ring, nicolae_overflow_hidden_temple, serial_glass,
          glass_columns_b, glass_columns_a, glass_columns_c, glass_columns_a,
          serial_bayou_pond_e, trog_hazing_becter
D:4:      cheibrodos_fertilizer, layout_rooms, minmay_manual_mandibuliform,
          uniq_pikel

Skill      XL: |  1  2  3  4  5  6 |
---------------+-------------------+-----
Axes           | 3 4 5 6 |  6.3
Dodging        | 1 |  1.0
Invocations    | 2 3 |  3.1
Fighting       | |  2.6
Armour         | |  3.2
Shields        | |  3.2

Action                   |  1- 3 |  4- 6 || total
-------------------------+-------+-------++-------
Melee: War axe           |    97 |   120 ||   217
Invok: Recall Ancestor   |       |     1 ||     1
       Ancestor Identity |       |     1 ||     1
 Abil: Heal Wounds       |       |     2 ||     2
  Use: Scroll            |     2 |     5 ||     7
       Potion            |       |     1 ||     1
  Eat: Chunk             |     1 |     5 ||     6
Armor: Scale mail        |    47 |    53 ||   100
Dodge: Dodged            |    31 |    48 ||    79
Block: Shield            |    55 |    87 ||   142

Table legend:
 A = Non-vault XP
 B = Vault XP
 C = Vault XP percentage of total XP
 D = Non-vault monster count
 E = Vault monster count
 F = Vault count percentage of total count
                 A         B        C        D         E       F
            +---------+---------+-------+---------+---------+-------
      Total |     368 |      43 |  10.5 |      61 |      11 |  15.3
            +---------+---------+-------+---------+---------+-------
        D:1 |      30 |       0 |   0.0 |      17 |       0 |   0.0
        D:2 |     152 |      32 |  17.4 |      24 |       5 |  17.2
        D:3 |     186 |      11 |   5.6 |      20 |       6 |  23.1
            +---------+---------+-------+---------+---------+-------
